 Dungeon Sprint DCSS version 0.31-a0-986-g5e6e4ef867 (webtiles) character file.

Game seed: 15120527115001537188

4813 sircluck the Grappler (level 10, -4/113 HPs)
             Began as a Troll Berserker on Nov 17, 2023.
             Was the Champion of Trog.
             Slain by a blink frog (15 damage)
             ... in the Dungeon (Sprint III: "The Ten Rune Challenge").
             The game lasted 00:02:34 (1421 turns).

sircluck the Grappler (Troll Berserker)             Turns: 1421, Time: 00:02:35

Health: -4/113     AC:  4    Str: 35    XL:     10   Next: 24%
Magic:  9/9        EV: 12    Int:  2    God:    Trog [******]
Gold:   21         SH:  0    Dex:  8    Spells: 9/9 levels left

rFire   . .          .
                       - Unarmed
rCold   . . .        (no shield)
rNeg    . . .        a - +0 animal skin
rPois   .            (helmet restricted)
rElec   .            (no cloak)
rCorr   .            (gloves unavailable)
SInv    .            (boots unavailable)
Will    .....        (no amulet)
Stlth   +            (no ring)
HPRegen 1.18/turn    (no ring)
MPRegen 0.11/turn

%: no teleportation
@: no status effects
A: large, unfitting armour, claws 3, regeneration 1, shaggy fur 1, tough skin 1,
talons 1, strong 1
a: Renounce Religion, Berserk, Trog's Hand, Brothers in Arms


You were in the Dungeon.
You worshipped Trog.
Trog was exalted by your worship.
You visited 1 branch You collected 21 gold pieces.

Inventory:

Armour
 a - a +0 animal skin (worn)
Scrolls
 g - 2 scrolls of blinking
 h - 3 scrolls of identify
 j - a scroll of immolation {unknown}
 k - 2 scrolls of poison {unknown}
Potions
 b - 2 potions of curing
 d - a potion of haste
 e - 2 potions of magic
 f - a potion of berserk rage
 i - 4 potions of mutation
 l - a potion of attraction {unknown}
Miscellaneous
 m - a condenser vane


   Skills:
 + Level 11.0 Fighting
 + Level 9.6 Armour
 + Level 11.0 Dodging
 + Level 13.0 Unarmed Combat


You had 9 spell levels left.
You didn't know any spells.
Your spell library was empty.

Dungeon Overview and Level Annotations

Branches:
Dungeon (1/1)

Altars:
Cheibriados
Dithmenos
Elyvilon
Fedhas
Gozag
Hepliaklqana
Kikubaaqudgha
Makhleb
Nemelex Xobeh
Okawaru
Qazlal
Ru
Sif Muna
Trog
Uskayaw
Vehumet
Wu Jian
Xom
Yredelemnul
Zin
The Shining One
Jiyva
Lugonu


Innate Abilities, Weirdness & Mutations

You are too large for most types of armour.
You have claws for hands.
Your natural rate of healing is unusually fast.
You are covered in fur. (AC +1)
You have tough skin. (AC +1)
You have sharp toenails.
Your muscles are strong. (Str +4, Int/Dex -1)


Message History

You feel much better. The blink frog hits you!
* * * LOW HITPOINT WARNING * * *
The blink frog hits you.
* * * LOW HITPOINT WARNING * * *
The blink frog closely misses you.
Unknown command.
Unknown command.
You closely miss the blink frog. Your kick misses the blink frog.
The blink frog is heavily wounded.
The blink frog hits you.
* * * LOW HITPOINT WARNING * * *
Unknown command.
You claw the blink frog! Your kick misses the blink frog.
The blink frog is almost dead.
The blink frog hits you!
* * * LOW HITPOINT WARNING * * *
The blink frog misses you.
Unknown command.
Unknown command.
Unknown command.
You closely miss the blink frog. Your kick misses the blink frog.
Your claw misses the blink frog.
The blink frog is almost dead.
The blink frog closely misses you.
The blink frog hits you but does no damage.
The blink frog hits you.
* * * LOW HITPOINT WARNING * * *
Unknown command.
You feel much better. The blink frog hits you!
* * * LOW HITPOINT WARNING * * *
The blink frog barely misses you.
Unknown command.
Unknown command.
You mangle the blink frog!!
You kill the blink frog!
Trog accepts your kill. The blink frog hits you!
* * * LOW HITPOINT WARNING * * *
The blink frog hits you!
You die...

..)..#.~~≈~~~....#.⌠.#__#...#+###
.....#.~≈~~~.....#...#__#...#..~~
.....#.~~~.......#)###__#...#.#§§
'#####...........#)::#__#...'.#§§
..........†......#___#__'...#.#§§
▓▓▓▓▓▓▓▓▓▓▓▓▓▓▓▓▓▓▓▓▓▓▓▓▓▓▓▓▓▓▓▓▓
≈~≈§~≈~~♣♣.....♣♣♣♣~~~.....
~~§§§§~~♣♣.≈≈≈≈'♣♣'♣≈≈≈≈≈≈≈
~~§§§~≈≈)+@F...#.~♣♣♣♣♣♣♣♣♣
~~§F§≈§≈♣♣♣♣♣♣♣#..♣ ~≈~~≈≈~~♣
###+ ##+######


You could see a blink frog.

Vanquished Creatures
  Snorg (D)
  A centaur warrior (D)
  A deep elf pyromancer (D)
  2 cane toads (D)
  A rime drake (D)
  A komodo dragon (D)
  3 wandering mushrooms (D)
  3 blink frogs (D)
  A shadow (D)
  A spatial vortex (D)
  A swamp drake (D)
  2 centaurs (D)
  An earth elemental (D)
  A necrophage (D)
  A water elemental (D)
  A jelly (D)
  An arcanist (D)
  Jessica (D)
  A necromancer (D)
  A kobold demonologist (D)
  3 humans (D)
  A wolf (D)
  An endoplasm (D)
  A rat (D)
32 creatures vanquished.

Notes
Turn   | Place    | Note
-------+----------+-------------------------------------------
     0 | D        | sircluck the Troll Berserker began the quest for the Orb.
     0 | D        | Reached XP level 1. HP: 22/22 MP: 0/0
     9 | D        | Noticed Jessica
    12 | D        | Killed Jessica
    12 | D        | Reached ** piety under Trog
    13 | D        | Reached skill level 4 in Unarmed Combat
    13 | D        | Reached XP level 2. HP: 16/32 MP: 1/1
    62 | D        | Reached XP level 3. HP: 23/39 MP: 2/2
    85 | D        | Reached skill level 5 in Unarmed Combat
   102 | D        | Noticed a water elemental
   106 | D        | Killed a water elemental
   107 | D        | Reached skill level 5 in Fighting
   107 | D        | Reached skill level 5 in Dodging
   107 | D        | Reached skill level 6 in Unarmed Combat
   107 | D        | Reached XP level 4. HP: 33/50 MP: 3/3
   162 | D        | Gained mutation: Your muscles are strong. (Str +4, Int/Dex
                  | -1) [potion of mutation]
   162 | D        | Gained mutation: You have sharp toenails. [potion of
                  | mutation]
   180 | D        | Found a glowing silver altar of Zin.
   180 | D        | Found a glowing golden altar of the Shining One.
   180 | D        | Found a white marble altar of Elyvilon.
   181 | D        | Noticed a deep elf pyromancer
   188 | D        | Killed a deep elf pyromancer
   188 | D        | Reached *** piety under Trog
   189 | D        | Reached skill level 8 in Unarmed Combat
   189 | D        | Reached XP level 5. HP: 55/62 MP: 4/4
   189 | D        | Reached XP level 6. HP: 62/71 MP: 5/5
   189 | D        | Reached XP level 7. HP: 69/78 MP: 6/6
   214 | D        | Found a hide-covered altar of Uskayaw.
   214 | D        | Found an iron altar of Okawaru.
   214 | D        | Found a bloodstained altar of Trog.
   214 | D        | Found an ornate altar of the Wu Jian Council.
   214 | D        | Noticed a human
   214 | D        | Noticed a human
   221 | D        | Killed a human
   222 | D        | Reached skill level 5 in Armour
   222 | D        | Reached skill level 9 in Unarmed Combat
   228 | D        | Killed a human
   254 | D        | Found a basalt altar of Yredelemnul.
   254 | D        | Found a shadowy altar of Dithmenos.
   254 | D        | Found a sacrificial altar of Ru.
   259 | D        | Reached **** piety under Trog
   278 | D        | Found a radiant altar of Vehumet.
   278 | D        | Found a shimmering blue altar of Sif Muna.
   278 | D        | Found an ancient bone altar of Kikubaaqudgha.
   282 | D        | Noticed a sixfirhy
   286 | D        | Reached ***** piety under Trog
   423 | D        | Noticed a shadow
   426 | D        | Killed a shadow
   427 | D        | Reached XP level 8. HP: 89/89 MP: 7/7
   444 | D        | Found a blossoming altar of Fedhas.
   444 | D        | Found a stormy altar of Qazlal.
   444 | D        | Found a snail-covered altar of Cheibriados.
   444 | D        | Found a burning altar of Makhleb.
   444 | D        | Found a shimmering altar of Xom.
   445 | D        | Found a hazy altar of Hepliaklqana.
   445 | D        | Found an opulent altar of Gozag.
   445 | D        | Found a sparkling altar of Nemelex Xobeh.
   445 | D        | Found a corrupted altar of Lugonu.
   445 | D        | Found a viscous altar of Jiyva.
   452 | D        | Reached skill level 10 in Unarmed Combat
   464 | D        | Noticed Snorg
   471 | D        | Killed Snorg
   472 | D        | Reached skill level 11 in Unarmed Combat
   518 | D        | Reached XP level 9. HP: 66/98 MP: 8/8
   556 | D        | Noticed a centaur warrior
   565 | D        | Killed a centaur warrior
   572 | D        | Received a gift from Trog
   577 | D        | Reached skill level 10 in Fighting
  1140 | D        | Noticed a wandering mushroom
  1149 | D        | Noticed a wandering mushroom
  1151 | D        | Noticed a wandering mushroom
  1153 | D        | Killed a wandering mushroom
  1154 | D        | Reached skill level 10 in Dodging
  1159 | D        | Killed a wandering mushroom
  1160 | D        | Reached skill level 12 in Unarmed Combat
  1198 | D        | Noticed a cane toad
  1198 | D        | Noticed a komodo dragon
  1198 | D        | Noticed a cane toad
  1199 | D        | Killed a cane toad
  1202 | D        | Killed a cane toad
  1205 | D        | Killed a komodo dragon
  1206 | D        | Reached XP level 10. HP: 111/111 MP: 9/9
  1407 | D        | Reached ****** piety under Trog
  1407 | D        | Received a gift from Trog
  1413 | D        | Reached skill level 13 in Unarmed Combat
  1414 | D        | HP: 5/113 [blink frog (11)]
  1421 | D        | Slain by a blink frog

Illustrated notes

Levels and vault maps discovered:
D:        dungeon_sprint_mu [sprint_mu_entry_forest, sprint_mu_temple_rooms,
          sprint_mu_d1_horrors, sprint_mu_d2_genie, sprint_mu_d3_branching,
          sprint_mu_orc_legion, sprint_mu_elf_gauntlet, sprint_mu_hive_nellie,
          sprint_mu_lair_fedhas, sprint_mu_vaults_butterflies,
          sprint_mu_slime_circle, sprint_mu_swamp_cave, sprint_mu_shoals_kraken,
          sprint_mu_blade_basic, sprint_mu_crypt_chambers,
          sprint_mu_tomb_spiral, sprint_mu_vestibule_basic,
          sprint_mu_gehenna_hellfire, sprint_mu_dis_giant,
          sprint_mu_tartarus_statrot, sprint_mu_cocytus_islands, sprint_mu_zot1]

Skill      XL: |  1  2  3  4  5  6  7  8  9 10 |
---------------+-------------------------------+-----
Fighting       | 3 4 5 7 8 9 10 11 | 11.0
Dodging        | 3 4 5 7 8 9 10 11 | 11.0
Unarmed Combat | 4 6 8 9 11 12 13 | 13.0
Armour         | 4 6 7 9 |  9.6

Action                     |  1- 3 |  4- 6 |  7- 9 | 10-12 || total
---------------------------+-------+-------+-------+-------++-------
  Melee: Unarmed           |    27 |     5 |    77 |    25 ||   134
         Kick              |       |     1 |    22 |     1 ||    24
         Punch             |       |     1 |     5 |     4 ||    10
 Invoke: Berserk           |     1 |     1 |     3 |       ||     5
    Use: Potion            |       |     1 |       |     2 ||     3
   Stab: Sleeping          |       |       |       |     1 ||     1
 Armour: Animal skin       |    13 |     6 |    48 |    28 ||    95
  Dodge: Dodged            |    10 |       |    38 |    29 ||    77

Table legend: (Time is in decaauts)
 A = Elapsed time spent in this place.
 B = Non-inter-level travel time spent in this place.
 C = Inter-level travel time spent in this place.
 D = Time resting spent in this place.
 E = Time spent auto-exploring this place.
 F = Levels seen in this place.
 G = Mean time per level.
                   A        B        C        D        E       F      G
               +--------+--------+--------+--------+--------+-----+--------+
         Total |   1440 |   1430 |     10 |    926 |    148 |   1 | 1440.0 |
       Dungeon |   1440 |   1430 |     10 |    926 |    148 |   1 | 1440.0 |
               +--------+--------+--------+--------+--------+-----+--------+

Top non-repeatable levels by time:
       D: 1440 daAuts
